 Dungeon Crawl Stone Soup version 0.20.1-1-g8b1a95d (webtiles) character file.

81 pstr the Digger (level 4, -11/32 (33) HPs)
             Began as a Ghoul Earth Elementalist on Dec 10, 2017.
             Mangled by an ogre
             ... wielding a +0 giant club
              (18 damage)
             ... on level 4 of the Dungeon.
             The game lasted 00:06:10 (2496 turns).

pstr the Digger (Ghoul Earth Elementalist)          Turns: 2496, Time: 00:06:11

HP:   -11/32 (33)   AC:  3    Str: 11    XL:     4   Next: 40%
MP:   0/7           EV: 12    Int: 11    God:
Gold: 78            SH:  0    Dex:  9    Spells: 2/8 levels left

rFire    . . .     SeeInvis .   (no weapon)
rCold    + . .     Gourm    .   (no shield)
rNeg     + + +     Faith    .   c - +0 robe
rPois    ∞         Spirit   .   (no helmet)
rElec    .         Reflect  .   m - +0 cloak
rCorr    .         Harm     .   (no gloves)
MR       .....                  (no boots)
Stlth    ++........             (no amulet)
Regen    0.0/turn               (no ring)
MPRegen  0.1/turn               (no ring)

@: rotting
A: rotting body, claws 1, carnivore 3, cold resistance 1, negative energy
resistance 3, inhibited regeneration, torment resistance, unbreathing
a: no special abilities


You were on level 4 of the Dungeon.
You were not hungry.

You visited 1 branch of the dungeon, and saw 4 of its levels.

You collected 78 gold pieces.

Inventory:

Hand Weapons
 a - a +0 dagger
 i - a +0 falchion
 k - a +0 short sword
Armour
 c - a +0 robe (worn)
 m - a +0 cloak (worn)
Scrolls
 j - a scroll of fog {unknown}
 l - a scroll of identify {unknown}
Potions
 b - a potion of cancellation {unknown}
 f - a potion of curing {unknown}
 g - a potion of brilliance {unknown}
 h - 2 potions of flight {unknown}
 n - a potion of degeneration {unknown}
Books
 e - a book of Geomancy

   Spells                             Type                      Level
   a - Sandblast                      Earth                        1
   b - Passwall                       Transmutation/Earth          2
   c - Stone Arrow                    Conjuration/Earth            3
   d - Petrify                        Transmutation/Earth          4
   e - Lee's Rapid Deconstruction     Earth                        5
Comestibles
 d - 3 meat rations


   Skills:
 + Level 1.9 Dodging
 + Level 2.6 Stealth
 + Level 2.6 Spellcasting
 + Level 0.8 Transmutations
 + Level 4.5 Earth Magic


You had 2 spell levels left.
You knew the following spells:

 Your Spells              Type           Power        Failure   Level  Hunger
a - Sandblast             Erth           ##....       4%          1    ##.....
b - Passwall              Tmut/Erth      #.........   14%         2    ###....
c - Stone Arrow           Conj/Erth      #.....       32%         3    ####...


Dungeon Overview and Level Annotations

Branches:
Dungeon (4/15)
 Temple: D:4-7

Altars:

Annotations:
D:2 Natasha, Terence
D:3 Grinder


Innate Abilities, Weirdness & Mutations

Your body is rotting away.
You thrive on raw meat.
You are immune to poison.
You have sharp fingernails.
You are carnivorous and can eat meat at any time.
Your flesh is cold resistant. (rC+)
You are immune to negative energy. (rN+++)
You do not regenerate when monsters are visible.
You are immune to unholy pain and torment.
You can survive without breathing.


Message History

The ogre closely misses you.
You climb downwards.
You hear the hiss of flowing sand.
There is an entrance to an ossuary on this level.
Hurry and find it before the portal is buried!
An orc and an orc priest come into view.
The orc priest shouts!
There is a stone staircase leading up here.
Found 10 gold pieces.
Found 2 murky cyan potions.
Casting: Stone Arrow
Confirm with . or Enter, or press ? or * to list all spells.
Aiming: Stone Arrow
Press: ? - help, Shift-Dir - straight line, f - ogre
Aim: an ogre, wielding a giant club (heavily wounded)
The stone arrow hits the ogre.
The ogre is almost dead.
The ogre barely misses you. The ogre hits you with a giant club!!
Ouch! That really hurt!
You die...

#$#....#
###...#
#....# .#
#.#..### .#
###.##...#
.#
#...####.#
.# #.###
#.# .# #O#
#.## .# #@#
#..######..
#.#
##.....o<.#
#.#
#...#####.#
#.# #.#..
.# #.#
#..##.. .#
#.# #...
#.# o# #.#
....# .# .#
#.###..# ..
.o #.# ..#
## ##


You could see an ogre.

Vanquished Creatures
  3 adders (D:2)
  A dart slug (D:2)
  5 leopard geckos
  An orc (D:3)
  3 ball pythons
  2 giant cockroaches
  3 goblins
  5 hobgoblins
  4 jackals
  5 bats (D:1)
  2 frilled lizards
  7 kobolds
  4 rats
45 creatures vanquished.

Notes
Turn   | Place    | Note
-------+----------+-------------------------------------------
     0 | D:1      | pstr the Ghoul Earth Elementalist began the quest for the Orb.
     0 | D:1      | Reached XP level 1. HP: 14/14 MP: 2/2
   183 | D:1      | Reached XP level 2. HP: 20/20 MP: 1/3
   333 | D:1      | HP: 1/20 [kobold/stone (1)]
   774 | D:1      | Reached skill level 4 in Earth Magic
  1073 | D:1      | Reached XP level 3. HP: 24/24 MP: 2/5
  1533 | D:2      | Noticed Terence
  1549 | D:2      | Reached XP level 4. HP: 26/33 MP: 0/6
  1563 | D:2      | You fall through a shaft!
  1563 | D:3      | Noticed Grinder
  2021 | D:2      | Learned a level 2 spell: Passwall
  2025 | D:2      | Learned a level 3 spell: Stone Arrow
  2284 | D:2      | Noticed Natasha
  2435 | D:3      | Noticed an ogre
  2496 | D:4      | Mangled by an ogre

Skill      XL: |  1  2 |
---------------+-------+-----
Spellcasting   | 2 |  2.6
Earth Magic    | 4 |  4.5
Dodging        | |  1.9
Stealth        | |  2.6
Transmutations | |  0.8

Action                   |  1- 3 |  4- 6 || total
-------------------------+-------+-------++-------
Melee: Unarmed           |    21 |    18 ||    39
 Cast: Sandblast         |    52 |    18 ||    70
       Stone Arrow       |       |     7 ||     7
  Use: Scroll            |       |     1 ||     1
 Stab: Sleeping          |       |     1 ||     1
  Eat: Chunk             |     6 |     3 ||     9
Armor: Robe              |     5 |    25 ||    30
Dodge: Dodged            |    40 |    56 ||    96
